 Dungeon Crawl Stone Soup version 0.20.1-1-g8b1a95d (webtiles) character file.

247 valak24 the Slasher (level 5, -5/47 HPs)
             Began as a Draconian Berserker on July 19, 2017.
             Was a Priest of Trog.
             Killed from afar by an orc wizard (10 damage)
             ... with a magic dart
             ... on level 4 of the Dungeon.
             The game lasted 00:05:27 (2645 turns).

valak24 the Slasher (Draconian Berserker)           Turns: 2645, Time: 00:05:30

Health: -5/47      AC:  5    Str: 20    XL:     5   Next: 85%
Magic:  5/5        EV: 13    Int: 12    God:    Trog [***...]
Gold:   141        SH:  0    Dex: 10    Spells: 4/4 levels left

rFire    . . .     SeeInvis +   a - +1 falchion
rCold    . . .     Gourm    .   (no shield)
rNeg     . . .     Faith    .   (armour unavailable)
rPois    .         Spirit   .   (helmet restricted)
rElec    .         Reflect  .   (no cloak)
rCorr    .         Harm     .   (no gloves)
MR       .....                  (no boots)
Stlth    +.........             (no amulet)
Regen    0.2/turn               h - +4 ring of intelligence
MPRegen  0.1/turn               k - ring of see invisible

@: no status effects
A: unfitting armour, cold-blooded, AC +5
a: Berserk, Trog's Hand, Burn Spellbooks, Renounce Religion


You were on level 4 of the Dungeon.
You worshipped Trog.
Trog was most pleased with you.
You were not hungry.

You visited 1 branch of the dungeon, and saw 4 of its levels.

You collected 141 gold pieces.

Inventory:

Hand Weapons
 a - a +1 falchion (weapon)
Armour
 c - a +0 buckler
Jewellery
 h - a +4 ring of intelligence (left hand)
 k - a ring of see invisible (right hand)
Scrolls
 e - a scroll of identify
 j - a scroll of fog
 m - a scroll of enchant weapon
 p - a scroll of amnesia
Potions
 d - a potion of agility
 g - a potion of curing
 l - a potion of resistance
Comestibles
 b - 3 bread rations
 f - a meat ration
 o - a royal jelly


   Skills:
 * Level 4.4 Fighting
 * Level 5.2 Long Blades
 * Level 3.7 Dodging
 + Level 0.4 Stealth


You had 4 spell levels left.
You didn't know any spells.

Dungeon Overview and Level Annotations

Branches:
Dungeon (4/15)
 Temple: D:4-7

Altars:


Innate Abilities, Weirdness & Mutations

Your plain brown scales are hard. (AC +5)
You cannot fit into any form of body armour.
You are cold-blooded and may be slowed by cold attacks.


Message History

You closely miss the orc.
The orc is severely wounded.
The orc barely misses you.
You riposte.
You hit the orc but do no damage.
The orc is severely wounded.
You slash the orc!
You kill the orc!
Trog accepts your kill.
The orc wizard mumbles some strange words.
The orc wizard blinks!
You are too injured to fight recklessly!
You are too injured to fight recklessly!
The orc wizard misses you.
You barely miss the orc wizard.
Your tail-slap misses the orc wizard.
The orc wizard is heavily wounded.
The orc wizard gestures at you while chanting.
The magic dart hits you!
* * * LOW HITPOINT WARNING * * *
The orc wizard gestures at you while chanting.
The magic dart hits you!
You die...

.......
.........
(........
#.......# ####
#.......##
#...##.........
#.......?......
#..$..o........
......##@).....#
..... ##.......#
.... #.........#
... #.........#
.. #.....[...# #
##.........
##......###
#........#
+........#


You could see an orc wizard.

Vanquished Creatures
  An orc priest (D:4)
  Natasha (twice) (D:3)
  A worker ant (D:3)
  6 adders
  A worm (D:2)
  A dart slug (D:2)
  3 leopard geckos
  3 orcs
  6 ball pythons
  11 bats
  4 giant cockroaches
  4 goblins
  7 hobgoblins
  13 jackals
  4 kobolds
  2 quokkas
  4 frilled lizards
  6 rats (D:2)
79 creatures vanquished.

Notes
Turn   | Place    | Note
-------+----------+-------------------------------------------
     0 | D:1      | valak24 the Draconian Berserker began the quest for the Orb.
     0 | D:1      | Reached XP level 1. HP: 19/19 MP: 1/1
   186 | D:1      | Reached XP level 2. HP: 26/26 MP: 2/2
   978 | D:2      | Reached ** piety under Trog
   979 | D:2      | Reached XP level 3. HP: 30/33 MP: 3/3
  1192 | D:2      | Reached skill level 4 in Long Blades
  1359 | D:2      | Reached XP level 4. HP: 33/40 MP: 4/4
  1869 | D:3      | Reached XP level 5. HP: 25/46 MP: 5/5
  2122 | D:3      | Reached *** piety under Trog
  2221 | D:3      | Noticed Natasha
  2235 | D:3      | Killed Natasha
  2463 | D:3      | Noticed Natasha
  2477 | D:3      | Killed Natasha
  2477 | D:3      | Reached skill level 5 in Long Blades
  2645 | D:4      | Killed from afar by an orc wizard

Skill      XL: |  1  2  3  4  5 |
---------------+----------------+-----
Dodging        | 3 |  3.7
Long Blades    | 4 5 |  5.2
Fighting       | 4 |  4.4
Stealth        | |  0.4

Action                   |  1- 3 |  4- 6 || total
-------------------------+-------+-------++-------
Melee: Falchion          |   103 |   124 ||   227
       Tailslap          |     6 |    11 ||    17
  Use: Scroll            |     1 |     9 ||    10
       Potion            |     1 |     3 ||     4
 Stab: Sleeping          |     2 |     1 ||     3
  Eat: Chunk             |     1 |     1 ||     2
       Bread ration      |       |     1 ||     1
Armor: Skin              |    43 |    46 ||    89
Dodge: Dodged            |    66 |   112 ||   178
       Rpst.: Falchion   |    18 |    28 ||    46
